 Dungeon Crawl Stone Soup version 0.30-a0-374-g95c0257040 (webtiles) character file.

Game seed: 13543850761993737361

37 BritishOli the Trooper (level 3, 0/29 HPs)
             Began as a Demonspawn Fighter on Nov 25, 2022.
             Killed from afar by Sigmund (4 damage)
             ... with a magic dart
             ... on level 2 of the Dungeon.
             The game lasted 00:01:01 (929 turns).

BritishOli the Trooper (Demonspawn Fighter)          Turns: 929, Time: 00:01:01

Health: 0/29       AC:  6    Str: 18    XL:     3   Next: 23%
Magic:  3/3        EV:  9    Int:  9    God:
Gold:   54         SH:  0    Dex: 12    Spells: 2/2 levels left

rFire   . . .      SeeInvis .    a - +0 war axe
rCold   . . .      Faith    .    c - +0 buckler
rNeg    . . .      Spirit   .    b - +0 scale mail
rPois   .          Reflect  .    (no helmet)
rElec   .          Harm     .    (no cloak)
rCorr   .          Rampage  .    (no gloves)
Will    .....                    (no boots)
Stlth   ..........               (no amulet)
HPRegen 0.24/turn                (no ring)
MPRegen 0.08/turn                (no ring)

@: confused
A: demonic touch 1
a: no special abilities


You were on level 2 of the Dungeon.
You visited 1 branch of the dungeon, and saw 2 of its levels.

You collected 54 gold pieces.

Inventory:

Hand Weapons
 a - a +0 war axe (weapon)
Armour
 b - a +0 scale mail (worn)
 c - a +0 buckler (worn)
Wands
 k - a wand of flame (23)
Scrolls
 f - 2 scrolls of silence {unknown}
 g - 2 scrolls of enchant armour {unknown}
 h - a scroll of identify {unknown}
 j - a scroll of vulnerability {unknown}
Potions
 d - a potion of might
 e - a potion of attraction {unknown}
 i - a potion of magic {unknown}


   Skills:
 + Level 3.5 Fighting
 - Level 2.0 Axes
 + Level 3.2 Armour
 - Level 2.8 Shields


You had 2 spell levels left.
You didn't know any spells.
Your spell library was empty.

Dungeon Overview and Level Annotations

Branches:
Dungeon (2/15)

Altars:

Annotations:
D:2 Sigmund


Innate Abilities, Weirdness & Mutations

Your touch may inflict minor irresistible damage on your foes.


Message History

You kill the hobgoblin!
Found a stone staircase leading down.
No target in view!
Found a whip.
No target in view!
Sigmund the Dreaded comes into view.
He is wielding a +6 scythe of freezing.
Sigmund shouts!
Sigmund drinks a potion.
Sigmund's spells are empowered!
Sigmund is nearby!
Found an escape hatch in the ceiling.
Sigmund casts a spell at you. The puff of flame hits you!
Sigmund is nearby!
Sigmund looks at you with fury.
Sigmund points at you and mumbles some strange words.
You struggle to resist.
Sigmund is nearby!
Sigmund hits you but does no damage.
You slash Sigmund!
Sigmund is heavily wounded.
Sigmund points at you and mumbles some strange words.
You are confused.
Sigmund hits you with a +6 scythe of freezing!
Sigmund freezes you.
* * * LOW HITPOINT WARNING * * *
You slash Sigmund!
Sigmund is almost dead.
Sigmund points at you and mumbles some strange words.
You struggle to resist.
Sigmund says, "I'm your fate."
Sigmund hits you from afar with a +6 scythe of freezing.
* * * LOW HITPOINT WARNING * * *
Sigmund freezes you.
* * * LOW HITPOINT WARNING * * *
You bump into the rock wall.
Unknown command.
You bump into the rock wall.
Sigmund gestures at you while chanting. The magic dart hits you.
You die...

......>.## #.# #.#.
....)..#.## #.###.#.
#####..##.###...#.#.
##.###.#.##.#.#.
#............#.
######.###.#### # #.#
#..†.. #.#.##########.#
#.#### #...@.@........#
#.####
#######.##########.##.#
#.................
#..#########..##.# #..#
#.##### #.<# #......
#..# ####### ...# .....
#.#####


You could see Sigmund (empowered).

Vanquished Creatures
  2 dart slugs (D:1)
  7 ball pythons
  4 endoplasms (D:1)
  A giant cockroach (D:1)
  4 hobgoblins
  2 kobolds
  5 quokkas
  4 frilled lizards (D:1)
  A rat (D:1)
30 creatures vanquished.

Notes
Turn   | Place    | Note
-------+----------+-------------------------------------------
     0 | D:1      | BritishOli the Demonspawn Fighter began the quest for the
                  | Orb.
     0 | D:1      | Reached XP level 1. HP: 18/18 MP: 1/1
    49 | D:1      | Gained mutation: Your touch may inflict minor irresistible
                  | damage on your foes. [demonic ancestry]
    49 | D:1      | Reached XP level 2. HP: 18/24 MP: 2/2
   419 | D:1      | Reached XP level 3. HP: 28/29 MP: 3/3
   919 | D:2      | Noticed Sigmund
   929 | D:2      | Killed from afar by Sigmund

Illustrated notes

Levels and vault maps discovered:
D:1:      dpeg_arrival_line_fractal, layout_rooms
D:2:      layout_loops_ring, serial_co_window_serial, co_window_paths_a,
          co_window_corner_a, co_window_paths_a, co_window_corner_a,
          co_window_corner_a, co_window_of_opportunity_a, co_window_paths_b,
          co_window_paths_a, co_window_paths_b, co_window_unsneaky_path_c,
          co_window_broadway_a, co_window_broadway_c, co_window_paths_d,
          glass_columns_c, uniq_sigmund

Skill      XL: |  1  2 |
---------------+-------+-----
Axes           | 2 |  2.0
Armour         | 3 |  3.2
Fighting       | |  3.5
Shields        | |  2.8

Action                   || total
-------------------------++-------
Melee: War axe           ||    73
Armor: Scale mail        ||    48
Dodge: Dodged            ||    22
Block: Buckler           ||    19

Table legend: (Time is in decaauts)
 A = Elapsed time spent in this place.
 B = Non-inter-level travel time spent in this place.
 C = Inter-level travel time spent in this place.
 D = Time resting spent in this place.
 E = Time spent auto-exploring this place.
 F = Levels seen in this place.
 G = Mean time per level.
                   A        B        C        D        E       F      G
               +--------+--------+--------+--------+--------+-----+--------+
         Total |    960 |    929 |     31 |      0 |    728 |   2 |  480.0 |
       Dungeon |    960 |    929 |     31 |      0 |    728 |   2 |  480.0 |
               +--------+--------+--------+--------+--------+-----+--------+

Top non-repeatable levels by time:
     D:1: 710 daAuts
     D:2: 249 daAuts
